 Dungeon Crawl Stone Soup version 0.32-a0-656-g3542139ebd (webtiles) character file.

Game seed: 3401825456424796876

291 seren the Trooper (level 6, -2/48 HPs)
             Began as a Demonspawn Fighter on Mar 8, 2024.
             Succumbed to a water moccasin's poison
             ... on level 3 of the Dungeon.
             The game lasted 00:05:23 (2719 turns).

seren the Trooper (Demonspawn Fighter)              Turns: 2719, Time: 00:05:24

Health: -2/48      AC: 11    Str: 18    XL:     6   Next: 10%
Magic:  6/6        EV:  9    Int:  9    God:
Gold:   130        SH:  4    Dex: 12    Spells: 5/5 levels left

rFire   . . .        i - +0 whip
rCold   . . .        c - +0 buckler
rNeg    . . .        b - +0 scale mail
rPois   .            (no helmet)
rElec   .            (no cloak)
rCorr   .            e - +0 pair of gloves
SInv    .            f - +0 pair of boots
Will    .....        (no amulet) Stlth
                     (no ring)
HPRegen 0.28/turn    (no ring)
MPRegen 0.10/turn

%: no passive effects
@: mighty, lethally poisoned (-2 -> -24), wreathed by umbra
A: slimy green scales 1, foul shadow 1
a: no special abilities


You were on level 3 of the Dungeon.
You visited 1 branch of the dungeon, and saw 4 of its levels.

You collected 130 gold pieces.

Inventory:

Hand Weapons
 a - a +0 flail
 h - a +0 dagger of venom
 i - a +0 whip (weapon)
 m - a +2 dagger of draining
Missiles
 l - 6 atropa-tipped darts (quivered)
 t - 4 javelins
Armour
 b - a +0 scale mail (worn)
 c - a +0 buckler (worn)
 e - a +0 pair of gloves (worn)
 f - a +0 pair of boots (worn)
 j - a +0 chain mail
Wands
 k - a wand of acid (7)
Scrolls
 g - a scroll of amnesia {unknown}
 n - a scroll of immolation {unknown}
 o - a scroll of enchant armour {unknown}
 p - 2 scrolls of fear {unknown}
 q - 2 scrolls of fog {unknown}
 s - a scroll of identify {unknown}
Potions
 r - a potion of berserk rage {unknown}
 u - a potion of curing {unknown}


   Skills:
 + Level 3.8 Fighting
 * Level 3.2 Maces & Flails
 + Level 3.4 Armour
 + Level 1.3 Dodging
 + Level 3.4 Shields
 * Level 2.4 Evocations


You had 5 spell levels left.
You didn't know any spells.
Your spell library contained the following spells:

 Spells                   Type           Power      Damage    Failure   Level
 Kiss of Death            Conj/Necr      0%         2d5       85%         1
 Summon Small Mammal      Summ           0%         N/A       85%         1
 Cigotuvi's Dreadful Rot  Necr/Alch/Air  0%         N/A       94%         2
 Ensorcelled Hibernation  Hex/Ice        0%         N/A       94%         2
 Call Canine Familiar     Summ           0%         N/A       99%         3
 Confusing Touch          Hex            0%         N/A       99%         3
 Passwall                 Erth           0%         N/A       99%         3
 Swiftness                Air            0%         N/A       99%         3
 Dispel Undead            Necr           0%         3d6       100%        4
 Martyr's Knell           Necr/Summ      0%         N/A       100%        4
 Summon Blazeheart Golem  Fire/Summ      0%         N/A       100%        4
 Death Channel            Necr           0%         N/A       100%        6


Dungeon Overview and Level Annotations

Branches:
Dungeon (4/15)
 Temple: D:4-7

Altars:

Annotations:
D:3 1 runed translucent door, Crazy Yiuf


Innate Abilities, Weirdness & Mutations

You are partially covered in slimy green scales. (AC +2)
You are faintly shadowed, very rarely releasing foul flame when damaged in melee.


Message History

You closely miss the water moccasin. The water moccasin bites you.
The water moccasin bites you but does no damage.
You barely miss the water moccasin. You block the water moccasin's attack.
You feel very mighty all of a sudden. The water moccasin bites you!
You are poisoned.
The water moccasin poisons you! The water moccasin closely misses you.
You hit the water moccasin.
The water moccasin is lightly wounded.
You feel very sick. The water moccasin bites you!
* * * LOW HITPOINT WARNING * * *
You are more poisoned.
The water moccasin poisons you!
You whack the water moccasin!
The water moccasin is heavily wounded.
* * * LOW HITPOINT WARNING * * *
You feel very sick.
The water moccasin bites you but does no damage.
You miss the water moccasin.
The water moccasin is heavily wounded.
* * * LOW HITPOINT WARNING * * *
You feel very sick. You block the water moccasin's attack.
You barely miss the water moccasin.
The water moccasin is heavily wounded.
* * * LOW HITPOINT WARNING * * *
You feel very sick. The water moccasin bites you!
* * * LOW HITPOINT WARNING * * *
You are more poisoned.
The water moccasin poisons you! The water moccasin closely misses you.
You barely miss the water moccasin.
The water moccasin is heavily wounded.
* * * LOW HITPOINT WARNING * * *
You feel very sick.
The water moccasin bites you but does no damage.
You whack the water moccasin!
The water moccasin is severely wounded.
You die...

#...# ###.########......# #.# #
'..## #.# ####.### #.### #..##
###.######## #.# #.... #...#
#..........# ##'## ##### #.††#
#.....####.###...## ###'#
#.......##.##...).## # ##..#
#.....#.##.#.......## ##
....#####.......##..........####.
....#...........@...........+....
############....# #.#### ##'##
.##### #.# #.# .# #.# #.# .# #.#
##.##


You could see a water moccasin.

Vanquished Creatures
  Grinder (D:3)
  A sleepcap (D:3)
  A gnoll (D:1)
  2 adders
  2 orcs
  An endoplasm (D:1)
  A giant cockroach (D:1)
  10 goblins
  3 hobgoblins
  A jackal (D:3)
  2 kobolds
  2 quokkas (D:2)
  4 ball pythons
  6 bats
  4 frilled lizards
  3 rats
44 creatures vanquished.

Notes
Turn   | Place    | Note
-------+----------+-------------------------------------------
     0 | D:1      | seren the Demonspawn Fighter began the quest for the Orb.
     0 | D:1      | Reached XP level 1. HP: 18/18 MP: 1/1
   160 | D:1      | Gained mutation: You are partially covered in slimy green
                  | scales. (AC +2) [demonic ancestry]
   160 | D:1      | Reached XP level 2. HP: 17/24 MP: 2/2
   220 | D:1      | Found a faded altar of an unknown god.
   920 | D:2      | Reached XP level 3. HP: 26/27 MP: 3/3
  2038 | D:3      | Noticed Grinder
  2043 | D:3      | Killed Grinder
  2044 | D:3      | Reached skill level 1 in Dodging
  2044 | D:3      | Reached XP level 4. HP: 6/37 MP: 4/4
  2044 | D:3      | Reached XP level 5. HP: 7/42 MP: 5/5
  2256 | D:3      | Gained mutation: You are faintly shadowed, very rarely
                  | releasing foul flame when damaged in melee. [demonic
                  | ancestry]
  2256 | D:3      | Reached XP level 6. HP: 27/48 MP: 6/6
  2596 | D:3      | Found a runed translucent door.
  2597 | D:3      | Noticed Crazy Yiuf
  2694 | D:4      | Noticed a water moccasin
  2719 | D:3      | Succumbed to a water moccasin's poison

Illustrated notes

Levels and vault maps discovered:
D:1:      co_arrival_hexagon_in_a_hexagon, layout_basic, basic_ecumenical_altar
D:2:      layout_rooms
D:3:      minmay_chambers_of_twos, layout_loops_corners, uniq_grinder,
          uniq_crazy_yiuf_cottage
D:4:      layout_rooms, serial_shops, nicolae_shop_crystal,
          minmay_misc_feat_five, amcnicky_mini_rare_corridor_liquid

Skill      XL: |  1  2  3 |
---------------+----------+-----
Maces & Flails | 2 3 |  3.2
Armour         | 3 |  3.4
Shields        | 3 |  3.4
Dodging        | 1 |  1.3
Evocations     | 2 |  2.4
Fighting       | |  3.8

Action                     |  1- 3 |  4- 6 || total
---------------------------+-------+-------++-------
  Melee: Flail             |    11 |    54 ||    65
         Whip              |   117 |    99 ||   216
  Evoke: Wand              |     3 |       ||     3
    Use: Potion            |     2 |     1 ||     3
 Armour: Scale mail        |    92 |    67 ||   159
  Dodge: Dodged            |    37 |    40 ||    77
  Block: Buckler           |    39 |    21 ||    60

Table legend: (Time is in decaauts)
 A = Elapsed time spent in this place.
 B = Non-inter-level travel time spent in this place.
 C = Inter-level travel time spent in this place.
 D = Time resting spent in this place.
 E = Time spent auto-exploring this place.
 F = Levels seen in this place.
 G = Mean time per level.
                   A        B        C        D        E       F      G
               +--------+--------+--------+--------+--------+-----+--------+
         Total |   2737 |   2657 |     80 |    203 |   1780 |   4 |  684.2 |
       Dungeon |   2737 |   2657 |     80 |    203 |   1780 |   4 |  684.2 |
               +--------+--------+--------+--------+--------+-----+--------+

Top non-repeatable levels by time:
     D:3: 1349 daAuts
     D:1: 850 daAuts
     D:2: 454 daAuts
     D:4: 83 daAuts
